 Dungeon Crawl Stone Soup version 0.27-a0-1200-g94dc6ad4cf (webtiles) character file.

Game seed: 7085853211903186136

338 flotson the Sneak (level 6, -1/48 HPs)
             Began as a Demonspawn Delver on May 31, 2021.
             Was an Initiate of Gozag.
             Slain by Pikel
             ... wielding a +0 whip of flaming
              (3 damage)
             ... on level 4 of the Dungeon.
             The game lasted 00:10:02 (4643 turns).

flotson the Sneak (Demonspawn Delver)               Turns: 4643, Time: 00:10:04

Health: -1/48      AC: 13    Str: 14    XL:     6   Next: 29%
Magic:  6/6        EV:  9    Int: 11    God:    Gozag
Gold:   564        SH:  8    Dex: 15    Spells: 5/5 levels left

rFire    . . .     SeeInvis .   h - +1 falchion (protect)
rCold    . . .     Faith    .   n - +0 kite shield
rNeg     . . .     Spirit   .   k - +0 ring mail
rPois    .         Reflect  .   (no helmet)
rElec    .         Harm     .   (no cloak)
rCorr    .         Rampage  .   q - +0 pair of gloves
Will     .....                  (no boots)
Stlth    +++.......             (no amulet)
HPRegen  0.16/turn              (no ring)
MPRegen  0.10/turn              (no ring)

@: under a protective aura, hasted, very quick
A: hooves 2, spiny 1, sturdy frame 1
a: Renounce Religion, Potion Petition, Call Merchant, Bribe Branch


You were on level 4 of the Dungeon.
You worshipped Gozag.
Gozag was pleased with you.
You visited 2 branches of the dungeon, and saw 6 of its levels.

You collected 599 gold pieces.
You paid 35 gold pieces to Gozag.

Inventory:

Hand Weapons
 a - a +0 spear
 h - a +1 falchion of protection (weapon)
Missiles
 b - a throwing net (quivered)
 m - 15 poisoned darts
 s - 8 atropa-tipped darts
Armour
 k - a +0 ring mail (worn)
 n - a +0 kite shield (worn)
 q - a +0 pair of gloves (worn)
Wands
 g - a wand of digging (3)
 y - a wand of acid (6)
Scrolls
 c - a scroll of fog
 d - a scroll of magic mapping
 e - 4 scrolls of fear
 i - 2 scrolls of torment {unknown}
 j - a scroll of immolation {unknown}
 l - a scroll of vulnerability {unknown}
 r - 2 scrolls of blinking {unknown}
 t - a scroll of identify {unknown}
 u - 2 scrolls of amnesia {unknown}
 v - a scroll of enchant weapon {unknown}
Potions
 o - a potion of berserk rage {unknown}
 p - a potion of lignification {unknown}
 w - a potion of curing {unknown}
 x - a potion of heal wounds {unknown}
 z - 2 potions of mutation {unknown}


   Skills:
 + Level 3.8 Fighting
 - Level 0.8 Long Blades
 + Level 1.0(1.6) Axes
 - Level 2.1(2.2) Polearms
 + Level 1.4 Throwing
 + Level 1.3 Armour
 + Level 2.5 Dodging
 + Level 5.9 Stealth
 + Level 1.3 Shields


You had 5 spell levels left.
You didn't know any spells.
Your spell library contained the following spells:

 Spells                   Type           Power      Damage    Failure   Level
 Animate Skeleton         Necr           0%         N/A       96%         1
 Apportation              Tloc           0%         N/A       96%         1
 Beastly Appendage        Tmut           0%         N/A       96%         1
 Corona                   Hex            0%         N/A       96%         1
 Summon Small Mammal      Summ           0%         N/A       96%         1
 Wereblood                Tmut           0%         N/A       99%         2
 Spider Form              Tmut/Pois      0%         N/A       100%        3
 Ice Form                 Ice/Tmut       0%         N/A       100%        4
 Hydra Form               Tmut           0%         N/A       100%        5


Dungeon Overview and Level Annotations

Branches:
Dungeon (5/15)             Temple (1/1) D:4

Altars:
Cheibriados
Elyvilon
Fedhas
Gozag
Kikubaaqudgha
Okawaru
Ru
Sif Muna
Trog
Yredelemnul
Zin

Annotations:
D:4 Pikel


Innate Abilities, Weirdness & Mutations

You have hoof-like feet.
You are partially covered in sharp spines.
Your movements are slightly less encumbered by armour. (ER -2)


Message History

Pikel is heavily wounded.
Pikel hits you with a +0 whip of flaming.
Pikel burns you.
You are too injured to fight recklessly!
You are too injured to fight recklessly!
You barely miss Pikel. Your kick misses Pikel.
Pikel is heavily wounded.
You block Pikel's attack. Pikel hits you but does no damage.
You miss Pikel. Your kick misses Pikel.
Pikel is heavily wounded.
You block Pikel's attack.
You barely miss Pikel. Your kick misses Pikel.
Pikel is heavily wounded.
You block Pikel's attack. Pikel is struck by your spines.
Pikel hits you with a +0 whip of flaming.
Pikel burns you.
You barely miss Pikel. You kick Pikel, but do no damage.
Pikel is heavily wounded.
Pikel hits you with a +0 whip of flaming!
* * * LOW HITPOINT WARNING * * *
Pikel burns you.
* * * LOW HITPOINT WARNING * * *
You feel yourself speed up. Pikel is struck by your spines.
Pikel barely misses you.
You riposte.
Your shield and ring mail prevent you from hitting Pikel.
Pikel is heavily wounded.
You closely miss Pikel. You kick Pikel.
Pikel is heavily wounded.
Pikel barely misses you.
You riposte.
You hit Pikel.
Your weapon exudes an aura of protection.
You kick Pikel, but do no damage.
Pikel is severely wounded.
You hit Pikel but do no damage. Your kick misses Pikel.
Pikel is severely wounded.
Pikel hits you but does no damage.
Pikel hits you with a +0 whip of flaming.
* * * LOW HITPOINT WARNING * * *
Pikel burns you.
You die...
Your body crumbles into a pile of gold.

.....##.##.....###
#.#.........#.##
#.....#.#.....#
###.#.#.#.#..##
#...###....#
##.........########
#...#..#.........#
####....#.########.#
#.....##### #@...#
##.##.## ###.K..##
#...#.# #.......#
..#...# #.......#
#...### #.......#
...## ###...###
#..### #..)#####
#....# ##......#
#.##.# ##########.#


You could see Pikel.

Vanquished Creatures
  An orc priest (D:4)
  A hound (D:4)
  Jessica (D:3)
  3 iguanas (D:4)
  An orc wizard (D:5)
  A hound skeleton (D:5)
  2 gnolls
  3 adders
  A worm (D:2)
  2 dart slugs (D:1)
  7 orcs
  A ball python (D:2)
  5 bats
  7 endoplasms
  3 giant cockroaches
  3 goblins
  5 hobgoblins
  11 jackals
  5 quokkas
  A jackal skeleton (D:4)
  10 kobolds
  5 rats
79 creatures vanquished.

Notes
Turn   | Place    | Note
-------+----------+-------------------------------------------
     0 | D:5      | flotson the Demonspawn Delver began the quest for the Orb.
     0 | D:5      | Reached XP level 1. HP: 18/18 MP: 1/1
    14 | D:5      | Gained mutation: You have large cloven feet. [demonic
                  | ancestry]
    14 | D:5      | Reached XP level 2. HP: 17/24 MP: 2/2
   123 | D:5      | Noticed a scorpion
   154 | D:4      | Reached skill level 5 in Stealth
   318 | D:4      | Found a staircase to the Ecumenical Temple.
   344 | Temple   | Entered the Ecumenical Temple
   720 | D:4      | Gained mutation: You are partially covered in sharp spines.
                  | [demonic ancestry]
   720 | D:4      | Reached XP level 3. HP: 29/29 MP: 3/3
   844 | Temple   | Became a worshipper of Gozag Ym Sagoz the Greedy
   869 | D:4      | Gained mutation: Your movements are slightly less
                  | encumbered by armour. (ER -2) [demonic ancestry]
   869 | D:4      | Reached XP level 4. HP: 15/35 MP: 4/4
  1931 | D:1      | Gained mutation: You have hoof-like feet. [demonic
                  | ancestry]
  1931 | D:1      | Reached XP level 5. HP: 41/41 MP: 5/5
  2197 | D:1      | Found a faded altar of an unknown god.
  3564 | D:3      | Noticed Jessica
  3573 | D:3      | Killed Jessica
  3574 | D:3      | Reached skill level 1 in Shields
  3693 | D:4      | Reached skill level 1 in Throwing
  3928 | D:4      | Reached skill level 1 in Armour
  4158 | D:4      | Reached XP level 6. HP: 43/48 MP: 6/6
  4467 | D:5      | Reached skill level 1 in Axes
  4541 | D:5      | Noticed Pikel
  4643 | D:4      | HP: 2/48 [Pikel/+0 whip of flaming (5)]
  4643 | D:4      | Slain by Pikel

Illustrated notes

Levels and vault maps discovered:
D:1:      dpeg_arrival_signposts, layout_loops_ring,
          hellmonk_ecumenical_altar_dog_temple, chequers_serial_rivers_large_b
D:2:      layout_basic
D:3:      layout_basic, uniq_jessica
D:4:      layout_loops_ring, temple_fountains, corexii_corridor_pit,
          minmay_fractal_squares_5
D:5:      minmay_spotlight, layout_layer_cave, hangedman_decor_lopped,
          uniq_blork_the_orc, uniq_pikel
Temple:   eino_temple_rhombus

Skill      XL: |  1  2  3  4  5  6 |
---------------+-------------------+-----
Stealth        | 5 |  5.9
Polearms       | 2 |  2.1
Dodging        | 2 |  2.5
Shields        | 1 |  1.3
Throwing       | 1 |  1.4
Armour         | 1 |  1.3
Axes           | 1 |  1.0
Fighting       | |  3.8
Long Blades    | |  0.8

Action                   |  1- 3 |  4- 6 || total
-------------------------+-------+-------++-------
Melee: Falchion          |    36 |   157 ||   193
       Kick              |     8 |    49 ||    57
  Use: Potion            |       |     1 ||     1
 Stab: Sleeping          |     1 |    15 ||    16
       Distracted        |       |     1 ||     1
Armor: Leather armour    |     6 |       ||     6
       Ring mail         |    11 |    56 ||    67
Dodge: Dodged            |    21 |    60 ||    81
Block: Kite shield       |       |    67 ||    67
       Rpst.: Falchion   |     5 |    17 ||    22

Table legend: (Time is in decaauts)
 A = Elapsed time spent in this place.
 B = Non-inter-level travel time spent in this place.
 C = Inter-level travel time spent in this place.
 D = Time resting spent in this place.
 E = Time spent auto-exploring this place.
 F = Levels seen in this place.
 G = Mean time per level.
                   A        B        C        D        E       F      G
               +--------+--------+--------+--------+--------+-----+--------+
         Total |   4777 |   4473 |    304 |    136 |   3318 |   6 |  796.2 |
       Dungeon |   4596 |   4388 |    208 |    136 |   3260 |   5 |  919.2 |
        Temple |    181 |     86 |     95 |      0 |     58 |   1 |  181.0 |
               +--------+--------+--------+--------+--------+-----+--------+

Top non-repeatable levels by time:
     D:4: 1738 daAuts
     D:1: 1039 daAuts
     D:2: 1031 daAuts
     D:3: 438 daAuts
     D:5: 349 daAuts
  Temple: 181 daAuts
